 Dungeon Crawl Stone Soup version 0.31-a0-1-g4198be8af4 (webtiles) character file.

Game seed: 8383843575487005970

1358 ytrimaz the Nimble (level 8, -3/58 HPs)
             Began as a Djinni Air Elementalist on May 2, 2023.
             Slain by a slime creature (9 damage)
             ... on level 5 of the Dungeon.
             The game lasted 00:09:25 (6183 turns).

ytrimaz the Nimble (Djinni Air Elementalist)        Turns: 6183, Time: 00:09:26

Health: -3/58      AC:  7    Str:  6    XL:     8   Next: 95%
Gold:   206        EV: 17    Int: 18    God:
                   SH:  0    Dex: 18

rFire   + + +        (no weapon)
rCold   x . .        (no shield)
rNeg    . . .        o - +0 steam dragon scales
rPois   ∞            k - +0 helmet
rElec   .            (no cloak)
rCorr   .            m - +0 pair of gloves
SInv    +            (boots unavailable)
Will    .....        (no amulet)
Stlth   ++           c - ring of protection from fire
HPRegen 0.29/turn    (no ring)
MPRegen 0.00/turn

%: infuse magic (-4 HP)
@: flying, hasted, very quick
A: sickness immunity, fire resistance 2, cold vulnerability 1, float, innate
caster, HP casting, extra vitality 1, see invisible, agile 1
a: no special abilities


You were on level 5 of the Dungeon.
You visited 1 branch of the dungeon, and saw 6 of its levels.
You also visited: Sewer.

You collected 352 gold pieces.
You spent 146 gold pieces at shops.


Innate Abilities, Weirdness & Mutations

You are immune to sickness and miasma.
You are immune to poison.
Your flesh is very heat resistant. (rF++)
You are vulnerable to cold. (rC-)
You float through the air rather than walking.
You learn spells naturally, not from books.
Your magical power is your life essence.
You have superior vitality. (+4 MHP)
You have supernaturally acute eyesight. (SInv)
You are agile. (Dex +4, Str/Int -1)


   Skills:
 + Level 4.9 Fighting
 * Level 8.2 Dodging
 - Level 1.5 Stealth
 + Level 4.6 Spellcasting


You knew the following spells:

 Your Spells              Type           Power      Damage    Failure   Level
a - Shock                 Conj/Air       80%        1d8       1%          1
b - Static Discharge      Conj/Air       40%        2-4/arc   3%          2
c - Swiftness             Air            20%        N/A       6%          3
d - Airstrike             Air            10%        2d(2-18)  21%         4
e - Slow                  Hex            80%        N/A       1%          1
f - Passwall              Tmut/Erth      16%        N/A       3%          2
g - Hailstorm             Conj/Ice       20%        3d6       6%          3
Your spell library was empty.

Inventory:

Armour
 k - a +0 helmet (worn)
   (You found it on level 5 of the Dungeon)
 m - a +0 pair of gloves (worn)
   (You found it on level 4 of the Dungeon)
 o - +0 steam dragon scales (worn)
   (You found it on level 6 of the Dungeon)
Jewellery
 c - a ring of protection from fire (left hand)
   (You found it on level 1 of the Dungeon)
Wands
 e - a wand of charming (4)
   (You found it on level 5 of the Dungeon)
Scrolls
 b - a scroll of teleportation
 d - a scroll of silence
 f - a scroll of vulnerability
 h - a scroll of fog
 i - a scroll of amnesia
 l - a scroll of noise
 n - a scroll of magic mapping
Potions
 g - a potion of ambrosia {unknown}
 j - a potion of attraction
 p - 2 potions of might

Dungeon Overview and Level Annotations

Branches:
Dungeon (6/15) Zot: 25741   Sewer (visited)
 Temple: D:4-7

Altars:
Elyvilon
Qazlal
Trog
Xom

Shops:
D:2 [!   D:3 :   D:5 *

Annotations:
D:3 exclusion: moth of wrath

........#........................
.'####'.#.#...################...
.#....#.#...#.## #...
)#.##.#.#..##..# ###.
.#.##.#.#.####.# #. .#[...#.#.#
#.### #. .+####+.#.####...##
##### #.
........#...)...J.#######...# #.
########'.....##@...........# ##.
...(......###[.#..........<.###..
#..#..##...........###########..#
##...##..##....<....##########.##
###....#...#####.>..............
#...##.### #...#########..##
###.#.#..## ###.### #..###
##...#..<..#### #...# #.###.
...###...#.#..## #.#<## #.###.


You could see a slime creature.


Message History

Unknown command.
Your magical contamination has completely faded away. 😱 HP[+1]
Casting: Airstrike (quite dangerous; 21% risk of failure)
Confirm with . or Enter, or press ? or * to list all spells.
Aiming: Shock (safe; 1% risk of failure)
Press: ? - help, Shift-Dir - straight line, f/p - slime creature
Aim: a slime creature (almost dead, 94% to hit)
The zap hits the slime creature.
* * * LOW HITPOINT WARNING * * *
😱 HP[-1]
You take 1 damage, and now have 8/58 hp. 😱 HP[+1]
Casting: Shock (safe; 1% risk of failure)
Confirm with . or Enter, or press ? or * to list all spells.
Aiming: Shock (safe; 1% risk of failure)
Press: ? - help, Shift-Dir - straight line, f/p - slime creature
Aim: a slime creature (almost dead, 94% to hit)
The zap hits the slime creature.
* * * LOW HITPOINT WARNING * * *
Casting: Shock (safe; 1% risk of failure)
Confirm with . or Enter, or press ? or * to list all spells.
Aiming: Shock (safe; 1% risk of failure)
Press: ? - help, Shift-Dir - straight line, f/p - slime creature
Aim: a slime creature (almost dead, 94% to hit)
The zap hits the slime creature.
* * * LOW HITPOINT WARNING * * *
😱 HP[-1]
You take 1 damage, and now have 8/58 hp.
Your extra speed is starting to run out.
Casting: Shock (safe; 1% risk of failure)
Confirm with . or Enter, or press ? or * to list all spells.
You don't know that spell.
Unknown command.
Casting: Shock (safe; 1% risk of failure)
Confirm with . or Enter, or press ? or * to list all spells.
The spell is quite dangerous to miscast (21% risk of failure)!
Continue anyway?
Uppercase [Y]es or [N]o only, please.
The spell is quite dangerous to miscast (21% risk of failure)!
Continue anyway?
Okay, then.
Casting: Airstrike (quite dangerous; 21% risk of failure)
Confirm with . or Enter, or press ? or * to list all spells.
You don't know that spell.
Unknown command.
Casting: Airstrike (quite dangerous; 21% risk of failure)
Confirm with . or Enter, or press ? or * to list all spells.
The spell is quite dangerous to miscast (21% risk of failure)!
Continue anyway?
Aiming: Airstrike (quite dangerous; 21% risk of failure)
Press: ? - help, Dir - move target, f/p - slime creature
Aim: a slime creature (almost dead, empty space bonus: 3/8)
The air twists around and strikes the slime creature.
* * * LOW HITPOINT WARNING * * *
😱 HP[-4]
You take 4 damage, and now have 4/58 hp.
Unknown command. 😱 HP[+1]
You feel yourself slow down. 😱 HP[+1] 😱 HP[+1]
Aiming: Shock (safe; 1% risk of failure)
Press: ? - help, Q - select action, (/) - cycle Shift-Dir - straight line, f/p - slime creature
Aim: a slime creature (almost dead, 94% to hit)
The zap hits the slime creature.
* * * LOW HITPOINT WARNING * * *
😱 HP[-1]
You take 1 damage, and now have 6/58 hp.
Unknown command. 😱 HP[+1]
Casting: Shock (safe; 1% risk of failure)
Confirm with . or Enter, or press ? or * to list all spells.
The spell is quite dangerous to miscast (21% risk of failure)!
Continue anyway?
Aiming: Airstrike (quite dangerous; 21% risk of failure)
Press: ? - help, Dir - move target, f/p - slime creature
Aim: a slime creature (almost dead, empty space bonus: 6/8)
The air twists around and strikes the slime creature.
* * * LOW HITPOINT WARNING * * *
The slime creature jiggles. 😱 HP[-3]
You take 3 damage, and now have 4/58 hp.
Unknown command. 😱 HP[+1] Unknown command.
Okay, then.
You feel much better. The slime creature hits you!
* * * LOW HITPOINT WARNING * * *
😨 HP[+14]
You regained 14 hp, and now have 19/58 hp.
The slime creature attacks as you move away!
The slime creature hits you!
* * * LOW HITPOINT WARNING * * *
😱 HP[-9]
You take 9 damage, and now have 10/58 hp.
The slime creature attacks as you move away!
The slime creature hits you.
* * * LOW HITPOINT WARNING * * *
😱 HP[-4]
You take 4 damage, and now have 6/58 hp.
Unknown command.
You feel yourself speed up. The slime creature hits you!
You die...

Skill      XL: |  1  2  3  4  5  6  7  8 |
---------------+-------------------------+-----
Fighting       | 1 2 3 4 |  4.9
Dodging        | 3 4 5 6 8 |  8.2
Spellcasting   | 3 4 |  4.6
Stealth        | |  1.5

Action                     |  1- 3 |  4- 6 |  7- 9 || total
---------------------------+-------+-------+-------++-------
  Melee: Unarmed           |       |     4 |     1 ||     5
   Cast: Shock             |    58 |   119 |   129 ||   306
         Static Discharge  |     4 |    20 |    31 ||    55
         Airstrike         |       |     1 |     8 ||     9
         Hailstorm         |       |       |     1 ||     1
    Use: Scroll            |     2 |     8 |     4 ||    14
         Potion            |       |     6 |     4 ||    10
 Armour: Robe              |     2 |    12 |     6 ||    20
         Skin              |       |    21 |       ||    21
         Steam dragon scal |       |       |     8 ||     8
  Dodge: Dodged            |    15 |    35 |    52 ||   102

Levels and vault maps discovered:
D:1:      tarquinn_simple_flora_water_d, layout_rooms,
          shapermc_ecumenical_altar_ellora, minmay_pentomino_v2
D:2:      layout_basic, serial_shops, shop, nicolae_shop_stone, shop,
          basic_altar
D:3:      layout_rooms, tgw_trog, nicolae_shop_vocational
D:4:      layout_basic, portal_sewer_entry_d, hex_medium
D:5:      layout_rooms, nicolae_overflow_crystal_walls, serial_shops, shop,
          minivault_11
D:6:      layout_basic, nicolae_overflow_hidden_temple, grunt_qazlal_sundering,
          serial_co_window_serial, co_window_paths_a, co_window_paths_b,
          co_window_corner_a, co_window_corner_a, co_window_of_opportunity_a,
          co_window_paths_a, co_window_corner_a, co_window_broadway_b,
          co_window_2corner, co_window_corner_cb, minmay_three_doors

Notes
Turn   | Place    | Note
-------+----------+-------------------------------------------
     0 | D:1      | ytrimaz the Djinni Air Elementalist began the quest for the
                  | Orb.
     0 | D:1      | ytrimaz set off with the following spells memorised: Shock,
                  | Static Discharge, Swiftness, Airstrike.
     0 | D:1      | Reached XP level 1. HP: 15/15 MP: 0/0
     0 | D:1      | magus.rc [v1.9.6]
   135 | D:1      | Reached XP level 2. HP: 15/22 MP: 0/0
   305 | D:1      | Found a faded altar of an unknown god.
   652 | D:2      | Reached skill level 1 in Fighting
   652 | D:2      | Reached skill level 3 in Dodging
   652 | D:2      | Reached XP level 3. HP: 23/27 MP: 0/0
   652 | D:2      | Learned a level 1 spell: Slow
   662 | D:2      | HP: 5/27 [jackal (2)]
   907 | D:2      | Found Ycibirysm's Antique Armour Emporium.
   959 | D:2      | Found Jaequaw's Distillery.
   968 | D:2      | Bought a potion of heal wounds for 55 gold pieces
   977 | D:2      | Reached XP level 4. HP: 31/32 MP: 0/0
  1372 | D:2      | Found a stormy altar of Qazlal.
  1597 | D:2      | Found Keareiho's Distillery.
  1737 | D:3      | Found Poreaneamp's Vocational Training.
  1789 | D:3      | Reached skill level 4 in Dodging
  1843 | D:3      | Reached XP level 5. HP: 34/38 MP: 0/0
  1843 | D:3      | Learned a level 2 spell: Passwall
  1904 | D:3      | Reached skill level 3 in Spellcasting
  2043 | D:3      | Reached skill level 2 in Fighting
  2145 | D:3      | Noticed a moth of wrath
  2148 | D:3      | Found a bloodstained altar of Trog.
  2818 | D:4      | Found a glowing drain.
  2830 | Sewer    | Entered a sewer
  2903 | Sewer    | Noticed Pargi
  2918 | Sewer    | HP: 11/57 [/static electricity (2)]
  2920 | Sewer    | HP: 5/57 [/static electricity (2)]
  2920 | Sewer    | HP: 2/57 [Pargi (4)]
  2925 | Sewer    | HP: 12/57 [Pargi (5)]
  2926 | Sewer    | Killed Pargi
  2927 | Sewer    | Reached skill level 5 in Dodging
  2927 | Sewer    | Reached XP level 6. HP: 15/45 MP: 0/0
  3194 | D:4      | Noticed a black bear
  3204 | D:4      | Killed a black bear
  3204 | D:4      | HP: 8/45 [/static electricity (3)]
  3205 | D:4      | Reached skill level 3 in Fighting
  3205 | D:4      | Reached XP level 7. HP: 9/50 MP: 0/0
  3205 | D:4      | Learned a level 3 spell: Hailstorm
  3499 | D:4      | HP: 7/50 [orc/+0 mace (5)]
  3697 | D:4      | Reached skill level 6 in Dodging
  3988 | D:5      | Entered Level 5 of the Dungeon
  4106 | D:5      | Reached skill level 4 in Spellcasting
  4106 | D:5      | Reached XP level 8. HP: 39/58 MP: 0/0
  4193 | D:5      | Gained mutation: You are agile. (Dex +4, Str/Int -1)
                  | [potion of mutation]
  4193 | D:5      | Gained mutation: You have supernaturally acute eyesight.
                  | (SInv) [potion of mutation]
  4443 | D:5      | Found Poracrus's General Store.
  4449 | D:5      | Bought a potion of might for 52 gold pieces
  4449 | D:5      | Bought a scroll of teleportation for 39 gold pieces
  4708 | D:5      | Found a shimmering altar of Xom.
  4930 | D:6      | Reached skill level 4 in Fighting
  4930 | D:6      | Reached skill level 7 in Dodging
  4972 | D:6      | Found a white marble altar of Elyvilon.
  4989 | D:6      | HP: 14/58 [/static electricity (3)]
  5383 | D:6      | Found a stormy altar of Qazlal.
  5737 | D:6      | Reached skill level 8 in Dodging
  6092 | D:6      | Noticed a slime creature
  6181 | D:5      | HP: 9/58 [slime creature (10)]
  6183 | D:5      | Slain by a slime creature

Vanquished Creatures
  A steam dragon (D:6)
  Pargi (Sewer)
  A black bear (D:4)
  An ice beast (D:6)
  3 ogres
  A phantom (D:5)
  A scorpion (D:4)
  A howler monkey (D:6)
  A jelly (D:4)
  3 orc priests
  2 iguanas
  5 orc wizards
  11 adders
  2 ufetubi
  5 worms
  3 dart slugs (D:3)
  13 orcs
  6 ball pythons
  7 endoplasms
  5 giant cockroaches
  5 goblins
  4 hobgoblins
  6 jackals
  9 kobolds
  3 quokkas
  7 bats
  2 frilled lizards (D:1)
  6 rats
115 creatures vanquished.

Vanquished Creatures (others)
  A plant (D:1)
1 creature vanquished.

Grand Total: 116 creatures vanquished

Table legend:
 A = Non-vault XP
 B = Vault XP
 C = Vault XP percentage of total XP
 D = Non-vault monster count
 E = Vault monster count
 F = Vault count percentage of total count
                 A         B        C        D         E       F
            +---------+---------+-------+---------+---------+-------
      Total |    1713 |     227 |  11.7 |     104 |      11 |   9.6
            +---------+---------+-------+---------+---------+-------
        D:1 |      22 |       3 |  12.0 |      16 |       2 |  11.1
        D:2 |      98 |       0 |   0.0 |      20 |       0 |   0.0
        D:3 |      66 |      17 |  20.5 |      20 |       5 |  20.0
        D:4 |     495 |      14 |   2.8 |      19 |       1 |   5.0
        D:5 |     294 |       0 |   0.0 |      11 |       0 |   0.0
        D:6 |     738 |      55 |   6.9 |      18 |       1 |   5.3
      Sewer |       0 |     138 | 100.0 |       0 |       2 | 100.0
            +---------+---------+-------+---------+---------+-------

Skill      XL: |  1  2  3  4  5  6  7  8 |
---------------+-------------------------+-----
Fighting       | 1 2 3 4 |  4.9
Dodging        | 3 4 5 6 8 |  8.2
Spellcasting   | 3 4 |  4.6
Stealth        | |  1.5

Action                     |  1- 3 |  4- 6 |  7- 9 || total
---------------------------+-------+-------+-------++-------
  Melee: Unarmed           |       |     4 |     1 ||     5
   Cast: Shock             |    58 |   119 |   129 ||   306
         Static Discharge  |     4 |    20 |    31 ||    55
         Airstrike         |       |     1 |     8 ||     9
         Hailstorm         |       |       |     1 ||     1
    Use: Scroll            |     2 |     8 |     4 ||    14
         Potion            |       |     6 |     4 ||    10
 Armour: Robe              |     2 |    12 |     6 ||    20
         Skin              |       |    21 |       ||    21
         Steam dragon scal |       |       |     8 ||     8
  Dodge: Dodged            |    15 |    35 |    52 ||   102

Illustrated notes

Table legend:
 A = Kills in this place as a percentage of kills in the entire game.
 B = Kills by you in this place as a percentage of kills by you in the entire game.
 C = Kills by friends in this place as a percentage of kills by friends in the entire game.
 D = Other kills in this place as a percentage of other kills in the entire game.
 E = Experience gained in this place as a percentage of experience gained in the entire game.
 F = Experience gained in this place divided by the number of levels of this place that you have seen.
                   A       B       C       D       E      F
               +-------+-------+-------+-------+-------+----------------------
         Total | 100.0 | 100.0 |   N/A |   N/A | 100.0 | 277.1
       Dungeon |  98.3 |  98.3 |   N/A |   N/A |  92.9 | 300.3
         Sewer |   1.7 |   1.7 |   N/A |   N/A |   7.1 | 138.0
               +-------+-------+-------+-------+-------+----------------------

Table legend: (Time is in decaauts)
 A = Elapsed time spent in this place.
 B = Non-inter-level travel time spent in this place.
 C = Inter-level travel time spent in this place.
 D = Time resting spent in this place.
 E = Time spent auto-exploring this place.
 F = Levels seen in this place.
 G = Mean time per level.
                   A        B        C        D        E       F      G
               +--------+--------+--------+--------+--------+-----+--------+
         Total |   6168 |   6008 |    160 |     86 |   5127 |   7 |  881.1 |
       Dungeon |   5881 |   5721 |    160 |     74 |   4908 |   6 |  980.2 |
         Sewer |    286 |    286 |      0 |     12 |    219 |   1 |  286.0 |
               +--------+--------+--------+--------+--------+-----+--------+

Top non-repeatable levels by time:
     D:6: 1203 daAuts
     D:4: 1179 daAuts
     D:2: 1103 daAuts
     D:5: 977 daAuts
     D:3: 771 daAuts
     D:1: 646 daAuts
   Sewer: 286 daAuts
